| TOP OF THE 1ST |
|
Cocoa Flyers batting - Pitching for Pompano Beach Stingrays : LHP Mark Vaji
|
|
Pitching: LHP Mark Vaji
|
|
|
Batting: RHB Danny Arroyo
|
0-0: Ball 1-0: Ball 2-0: SINGLE (Line Drive, 9S, EV 90.0 MPH)
|
|
Batting: LHB Shanie Dugas
|
0-0: Ball Danny Arroyo steals 2nd base 1-0: Ball 2-0: Fly out, F8 (Flyball, 8LS, EV 71.9 MPH)
|
|
Batting: LHB Mike Jones
|
0-0: Called Strike 0-1: Called Strike 0-2: Ball 1-2: Ball 2-2: Ball 3-2: Foul Ball, location: 2F 3-2: Base on Balls
|
|
Batting: RHB Larry McNutt
|
0-0: Ball 1-0: Foul Ball, location: 2F 1-1: Swinging Strike 1-2: Foul Ball, location: 2F 1-2: Ball 2-2: Fielders Choice at 2nd, 4-6 (Groundball, 4, EV 100.0 MPH) Danny Arroyo to third
|
|
Batting: RHB Miguel Dominguez
|
0-0: Ball 1-0: Ball 2-0: Ground out 2-3 (Groundball, 13S, EV 75.6 MPH)
|
| Top of the 1st over - 0 runs, 1 hit, 0 errors, 2 left on base; Cocoa 0 - Pompano Beach 0 |
| BOTTOM OF THE 1ST |
|
Pompano Beach Stingrays batting - Pitching for Cocoa Flyers : RHP Carlos Games
|
|
Pitching: RHP Carlos Games
|
|
|
Batting: RHB Jorge Villalobos
|
0-0: Ball 1-0: Called Strike 1-1: Foul Ball, location: 2F 1-2: Ball 2-2: Ball 3-2: Strikes out swinging
|
|
Batting: SHB Gene Roof
|
0-0: Ball 1-0: Ball 2-0: SINGLE (Line Drive, 9LS, EV 99.4 MPH)
|
|
Batting: RHB Lance Junker
|
0-0: Called Strike 0-1: Foul Ball, location: 2F 0-2: Grounds into double play, 5-4-3 (Groundball, 56, EV 86.9 MPH)
|
| Bottom of the 1st over - 0 runs, 1 hit, 0 errors, 0 left on base; Cocoa 0 - Pompano Beach 0 |
| TOP OF THE 2ND |
|
Cocoa Flyers batting - Pitching for Pompano Beach Stingrays : LHP Mark Vaji
|
|
Batting: RHB Lorenzo Quintanilla
|
0-0: Called Strike 0-1: Ball 1-1: Fly out, F8 (Flyball, 8LM, EV 94.4 MPH)
|
|
Batting: RHB Charles Fick
|
0-0: Called Strike 0-1: Foul Ball, location: 2F 0-2: Fly out, F4 (Popup, 4D, EV 67.5 MPH)
|
|
Batting: RHB Jorge Diaz
|
0-0: Foul Ball, location: 2F 0-1: Swinging Strike 0-2: Foul Ball, location: 2F 0-2: Ball 1-2: Ball 2-2: Ground out 4-3 (Groundball, 4, EV 99.4 MPH)
|
| Top of the 2nd over - 0 runs, 0 hits, 0 errors, 0 left on base; Cocoa 0 - Pompano Beach 0 |
| BOTTOM OF THE 2ND |
|
Pompano Beach Stingrays batting - Pitching for Cocoa Flyers : RHP Carlos Games
|
|
Batting: RHB Mark Strucher
|
0-0: Called Strike 0-1: Hit by Pitch
|
|
Batting: SHB Juan Molina
|
0-0: Ball 1-0: Grounds into double play, 5-4-3 (Groundball, 56S, EV 88.1 MPH)
|
|
Batting: LHB Steve Phillips
|
0-0: Ball 1-0: Foul Ball, location: 2F 1-1: SINGLE (Groundball, 4S, EV 65.6 MPH) (infield hit)
|
|
Batting: SHB Maury Ornest
|
0-0: Ball 1-0: Ground out 4-3 (Groundball, 4, EV 82.5 MPH)
|
| Bottom of the 2nd over - 0 runs, 1 hit, 0 errors, 1 left on base; Cocoa 0 - Pompano Beach 0 |
| TOP OF THE 3RD |
|
Cocoa Flyers batting - Pitching for Pompano Beach Stingrays : LHP Mark Vaji
|
|
Batting: RHB Rhett Whisman
|
0-0: Ball 1-0: Called Strike 1-1: Called Strike 1-2: Ball 2-2: Ground out 3-1 (Groundball, 34, EV 105.0 MPH)
|
|
Batting: RHB Danny Arroyo
|
0-0: Ball 1-0: Swinging Strike 1-1: Called Strike 1-2: Fly out, F9 (Flyball, 9S, EV 88.1 MPH)
|
|
Batting: LHB Shanie Dugas
|
0-0: Swinging Strike 0-1: Ball 1-1: Ground out U3 (Groundball, 3, EV 103.8 MPH)
|
| Top of the 3rd over - 0 runs, 0 hits, 0 errors, 0 left on base; Cocoa 0 - Pompano Beach 0 |
| BOTTOM OF THE 3RD |
|
Pompano Beach Stingrays batting - Pitching for Cocoa Flyers : RHP Carlos Games
|
|
Batting: RHB William Waag
|
0-0: Foul Ball, location: 2F 0-1: Ball 1-1: Fly out, F7 (Flyball, 7D, EV 107.5 MPH)
|
|
Batting: RHB Jimmy Thomas
|
0-0: Ball 1-0: Called Strike 1-1: Swinging Strike 1-2: Ball 2-2: Foul Ball, location: 2F 2-2: Ball 3-2: Base on Balls
|
|
Batting: RHB Jorge Villalobos
|
0-0: Called Strike 0-1: Ball 1-1: Called Strike 1-2: Foul Ball, location: 2F 1-2: Fielders Choice at 2nd, 6-4 (Groundball, 6, EV 79.4 MPH)
|
|
Batting: SHB Gene Roof
|
0-0: SINGLE (Line Drive, 8RS, EV 95.0 MPH) Jorge Villalobos to second Runner from 2nd tries for 3rd, SAFE, no throw by CF
|
|
Batting: RHB Lance Junker
|
0-0: Ball 1-0: Ball 2-0: Ground out 4-3 (Groundball, 4, EV 86.9 MPH)
|
| Bottom of the 3rd over - 0 runs, 1 hit, 0 errors, 2 left on base; Cocoa 0 - Pompano Beach 0 |
| TOP OF THE 4TH |
|
Cocoa Flyers batting - Pitching for Pompano Beach Stingrays : LHP Mark Vaji
|
|
Batting: LHB Mike Jones
|
0-0: Called Strike 0-1: Ball 1-1: Ball 2-1: Fly out, F8 (Flyball, 8RXD, EV 96.3 MPH)
|
|
Batting: RHB Larry McNutt
|
0-0: Ball 1-0: Swinging Strike 1-1: Ground out 4-3 (Groundball, 4, EV 83.1 MPH)
|
|
Batting: RHB Miguel Dominguez
|
0-0: Called Strike 0-1: Ball 1-1: Called Strike 1-2: Ball 2-2: Fly out, F8 (Line Drive, 8RM, EV 91.3 MPH)
|
| Top of the 4th over - 0 runs, 0 hits, 0 errors, 0 left on base; Cocoa 0 - Pompano Beach 0 |
| BOTTOM OF THE 4TH |
|
Pompano Beach Stingrays batting - Pitching for Cocoa Flyers : RHP Carlos Games
|
|
Batting: RHB Mark Strucher
|
0-0: Called Strike 0-1: Ground out 5-3 (Groundball, 56, EV 87.5 MPH)
|
|
Batting: SHB Juan Molina
|
0-0: Swinging Strike 0-1: Ball 1-1: Ball 2-1: Ball 3-1: Called Strike 3-2: Ground out 4-3 (Groundball, 4, EV 89.4 MPH)
|
|
Batting: LHB Steve Phillips
|
0-0: Ground out 6-3 (Groundball, 6, EV 103.1 MPH)
|
| Bottom of the 4th over - 0 runs, 0 hits, 0 errors, 0 left on base; Cocoa 0 - Pompano Beach 0 |
| TOP OF THE 5TH |
|
Cocoa Flyers batting - Pitching for Pompano Beach Stingrays : LHP Mark Vaji
|
|
Batting: RHB Lorenzo Quintanilla
|
0-0: Ball 1-0: Called Strike 1-1: Ball 2-1: Ground out 6-3 (Groundball, 6M, EV 85.6 MPH)
|
|
Batting: RHB Charles Fick
|
0-0: Ground out 5-3 (Groundball, 56S, EV 68.8 MPH)
|
|
Batting: RHB Jorge Diaz
|
0-0: Swinging Strike 0-1: Ball 1-1: Ball 2-1: SINGLE (Groundball, 56D, EV 103.1 MPH)
|
|
Batting: RHB Rhett Whisman
|
0-0: Swinging Strike 0-1: Ground out 4-3 (Groundball, 4, EV 89.4 MPH)
|
| Top of the 5th over - 0 runs, 1 hit, 0 errors, 1 left on base; Cocoa 0 - Pompano Beach 0 |
| BOTTOM OF THE 5TH |
|
Pompano Beach Stingrays batting - Pitching for Cocoa Flyers : RHP Carlos Games
|
|
Batting: SHB Maury Ornest
|
0-0: Foul Ball, location: 2F 0-1: Called Strike 0-2: Strikes out swinging
|
|
Batting: RHB William Waag
|
0-0: Called Strike 0-1: Ground out U3 (Groundball, 13, EV 85.6 MPH)
|
|
Batting: RHB Jimmy Thomas
|
0-0: Ball 1-0: Swinging Strike 1-1: Foul Ball, location: 2F 1-2: Foul Ball, location: 2F 1-2: Ground out 6-3 (Groundball, 56, EV 103.8 MPH)
|
| Bottom of the 5th over - 0 runs, 0 hits, 0 errors, 0 left on base; Cocoa 0 - Pompano Beach 0 |
| TOP OF THE 6TH |
|
Cocoa Flyers batting - Pitching for Pompano Beach Stingrays : LHP Mark Vaji
|
|
Batting: RHB Danny Arroyo
|
0-0: Ball 1-0: Ground out 6-3 (Groundball, 6M, EV 78.8 MPH)
|
|
Batting: LHB Shanie Dugas
|
0-0: Ball 1-0: Foul Ball, location: 2F 1-1: Foul Ball, location: 2F 1-2: Foul Ball, location: 2F 1-2: Strikes out swinging
|
|
Batting: LHB Mike Jones
|
0-0: Ground out 5-3 (Groundball, 5, EV 80.6 MPH)
|
| Top of the 6th over - 0 runs, 0 hits, 0 errors, 0 left on base; Cocoa 0 - Pompano Beach 0 |
| BOTTOM OF THE 6TH |
|
Pompano Beach Stingrays batting - Pitching for Cocoa Flyers : RHP Carlos Games
|
|
Batting: RHB Jorge Villalobos
|
0-0: Ball 1-0: Ground out 6-3 (Groundball, 6, EV 78.8 MPH)
|
|
Batting: SHB Gene Roof
|
0-0: Called Strike 0-1: Called Strike 0-2: Strikes out swinging
|
|
Batting: RHB Lance Junker
|
0-0: Called Strike 0-1: SINGLE (Line Drive, 7S, EV 108.8 MPH)
|
|
Batting: RHB Mark Strucher
|
0-0: Called Strike 0-1: Ball 1-1: Swinging Strike 1-2: SINGLE (Line Drive, 56D, EV 108.1 MPH) Lance Junker to second Runner from 2nd tries for 3rd, SAFE, throw by LF made to third
|
|
Batting: SHB Juan Molina
|
0-0: Called Strike 0-1: Swinging Strike 0-2: Fly out, F6 (Flyball, 6D, EV 88.1 MPH)
|
| Bottom of the 6th over - 0 runs, 2 hits, 0 errors, 2 left on base; Cocoa 0 - Pompano Beach 0 |
| TOP OF THE 7TH |
|
Cocoa Flyers batting - Pitching for Pompano Beach Stingrays : LHP Mark Vaji
|
|
Batting: RHB Larry McNutt
|
0-0: Ball 1-0: SOLO HOME RUN (Flyball, 7LD, EV 98.1 MPH), Distance : 348 ft
|
|
Batting: RHB Miguel Dominguez
|
0-0: Swinging Strike 0-1: Ball 1-1: Foul Ball, location: 2F 1-2: Ball 2-2: Foul Ball, location: 2F 2-2: Strikes out looking
|
|
Batting: RHB Lorenzo Quintanilla
|
0-0: Ball 1-0: Ground out 6-3 (Groundball, 6, EV 86.9 MPH)
|
|
Batting: RHB Charles Fick
|
0-0: Ball 1-0: Ball 2-0: Ball 3-0: Called Strike 3-1: Fly out, F8 (Line Drive, 8LD, EV 105.0 MPH)
|
| Top of the 7th over - 1 run, 1 hit, 0 errors, 0 left on base; Cocoa 1 - Pompano Beach 0 |
| BOTTOM OF THE 7TH |
|
Pompano Beach Stingrays batting - Pitching for Cocoa Flyers : RHP Carlos Games
|
|
Batting: LHB Steve Phillips
|
0-0: Ball 1-0: Foul Ball, location: 2F 1-1: Called Strike 1-2: Strikes out swinging
|
|
Batting: SHB Maury Ornest
|
0-0: Ball 1-0: Fly out, F8 (Flyball, 8LS, EV 88.8 MPH)
|
|
Batting: RHB William Waag
|
0-0: Ball 1-0: Swinging Strike 1-1: Foul Ball, location: 2F 1-2: Ball 2-2: SINGLE (Flyball, 7S, EV 90.6 MPH)
|
|
Batting: RHB Jimmy Thomas
|
0-0: Called Strike 0-1: Ball 1-1: Ball William Waag steals 2nd base 2-1: Called Strike 2-2: Strikes out swinging
|
| Bottom of the 7th over - 0 runs, 1 hit, 0 errors, 1 left on base; Cocoa 1 - Pompano Beach 0 |
| TOP OF THE 8TH |
|
Cocoa Flyers batting - Pitching for Pompano Beach Stingrays : LHP Mark Vaji
|
|
Batting: RHB Jorge Diaz
|
0-0: Ground out 5-3 (Groundball, 56S, EV 85.0 MPH)
|
|
Batting: RHB Rhett Whisman
|
0-0: Foul Ball, location: 2F 0-1: Fly out, F9 (Flyball, 9LM, EV 104.4 MPH)
|
|
Batting: RHB Danny Arroyo
|
0-0: Ball 1-0: Called Strike 1-1: Ground out 5-3 (Groundball, 56S, EV 88.1 MPH)
|
| Top of the 8th over - 0 runs, 0 hits, 0 errors, 0 left on base; Cocoa 1 - Pompano Beach 0 |
| BOTTOM OF THE 8TH |
|
Pompano Beach Stingrays batting - Pitching for Cocoa Flyers : RHP Carlos Games
|
|
Batting: RHB Jorge Villalobos
|
0-0: Called Strike 0-1: Ball 1-1: Swinging Strike 1-2: Foul Ball, location: 2F 1-2: SINGLE (Line Drive, 6MD, EV 101.3 MPH)
|
|
Batting: SHB Gene Roof
|
0-0: Ball 1-0: Bunt missed! 1-1: Ball 2-1: Bunted foul 2-2: Fly out, F8 (Line Drive, 8LM, EV 91.3 MPH)
|
|
Pinch Hitting: SHB Tom Barrett
|
0-0: Ball 1-0: Called Strike 1-1: Called Strike 1-2: Foul Ball, location: 2F 1-2: Ball 2-2: Ball 3-2: Strikes out swinging
|
|
Batting: RHB Mark Strucher
|
0-0: Ball 1-0: Ball 2-0: Foul Ball, location: 2F 2-1: Foul Ball, location: 2F 2-2: Fielders Choice at 2nd, 6-4 (Groundball, 6, EV 87.5 MPH)
|
| Bottom of the 8th over - 0 runs, 1 hit, 0 errors, 1 left on base; Cocoa 1 - Pompano Beach 0 |
| TOP OF THE 9TH |
|
Cocoa Flyers batting - Pitching for Pompano Beach Stingrays : LHP Mark Vaji
|
|
Pitching: RHP Don Kainer
|
|
|
Now in LF: Craig Johnson
|
|
|
Batting: LHB Shanie Dugas
|
0-0: Called Strike 0-1: Ball 1-1: Ball 2-1: Ball 3-1: Ground out 6-3 (Groundball, 6M, EV 100.0 MPH)
|
|
Batting: LHB Mike Jones
|
0-0: Ball 1-0: Foul Ball, location: 2F 1-1: Foul Ball, location: 2F 1-2: Foul Ball, location: 2F 1-2: Ball 2-2: Ball 3-2: Foul Ball, location: 2F 3-2: Foul Ball, location: 2F 3-2: Base on Balls
|
|
Batting: RHB Larry McNutt
|
0-0: Ball 1-0: Swinging Strike 1-1: Fly out, F7 (Flyball, 78D, EV 87.5 MPH)
|
|
Batting: RHB Miguel Dominguez
|
0-0: Ball 1-0: Ball 2-0: Called Strike 2-1: Fielders Choice at 2nd, 6-4 (Groundball, 56D, EV 88.1 MPH)
|
| Top of the 9th over - 0 runs, 0 hits, 0 errors, 1 left on base; Cocoa 1 - Pompano Beach 0 |
| BOTTOM OF THE 9TH |
|
Pompano Beach Stingrays batting - Pitching for Cocoa Flyers : RHP Carlos Games
|
|
Now in RF: Michael Palmer
|
|
|
Batting: SHB Juan Molina
|
0-0: Ball 1-0: Fly out, F8 (Line Drive, 8LM, EV 91.9 MPH)
|
|
Batting: LHB Steve Phillips
|
0-0: Ball 1-0: Foul Ball, location: 2F 1-1: Ground out 6-3 (Groundball, 6, EV 99.4 MPH)
|
|
Batting: SHB Maury Ornest
|
0-0: Ball 1-0: Foul Ball, location: 2F 1-1: Ball 2-1: Foul Ball, location: 2F 2-2: SINGLE (Line Drive, 7LM, EV 94.4 MPH)
|
|
Pinch Hitting: LHB Arnold McCrary
|
0-0: Ball 1-0: Ball 2-0: Called Strike 2-1: Ball 3-1: Base on Balls Maury Ornest to second
|
|
Batting: RHB Jimmy Thomas
|
0-0: Foul Ball, location: 2F 0-1: Ball 1-1: Swinging Strike 1-2: Strikes out swinging
|
| Bottom of the 9th over - 0 runs, 1 hit, 0 errors, 2 left on base; Cocoa 1 - Pompano Beach 0 |
|